 Dungeon Crawl Stone Soup version 0.27-a0-869-g165b36e3f0 (webtiles) character file.

Game seed: 15915319760766073577

21 polve the Ruffian (level 2, -3/24 HPs)
             Began as a Draconian Transmuter on Apr 2, 2021.
             Killed by Freeze
             ... generated by an endoplasm
              (5 damage)
             ... on level 2 of the Dungeon.
             The game lasted 00:00:36 (830 turns).

polve the Ruffian (Draconian Transmuter)             Turns: 830, Time: 00:00:37

Health: -3/24      AC:  4    Str: 12    XL:     2   Next: 65%
Magic:  5/5        EV: 12    Int: 13    God:
Gold:   58         SH:  0    Dex: 11    Spells: 4/5 levels left

rFire    . . .     SeeInvis .     - Unarmed
rCold    . . .     Faith    .   (no shield)
rNeg     . . .     Spirit   .   (armour unavailable)
rPois    .         Reflect  .   (helmet restricted)
rElec    .         Harm     .   (no cloak)
rCorr    .         Rampage  .   (no gloves)
Will     .....                  (no boots)
Stlth    +.........             (no amulet)
HPRegen  0.08/turn              (no ring)
MPRegen  0.09/turn              (no ring)

@: no status effects
A: AC +4, unfitting armour, cold-blooded
a: no special abilities


You were on level 2 of the Dungeon.
You visited 1 branch of the dungeon, and saw 2 of its levels.

You collected 58 gold pieces.

Inventory:

Scrolls
 a - a scroll of silence {unknown}
 d - a scroll of fear {unknown}
Potions
 b - a potion of curing {unknown}
 c - a potion of invisibility {unknown}


   Skills:
 + Level 2.2 Fighting
 - Level 1.7 Dodging
 + Level 3.5 Unarmed Combat
 - Level 2.0 Spellcasting
 - Level 2.0 Transmutations


You had 4 spell levels left.
You knew the following spells:

 Your Spells              Type           Power      Damage    Failure   Level
a - Beastly Appendage     Tmut           12%        N/A       11%         1

Your spell library contained the following spells:

 Spells                   Type           Power      Damage    Failure   Level
 Wereblood                Tmut           6%         N/A       17%         2
 Spider Form              Tmut/Pois      1%         N/A       45%         3
 Ice Form                 Ice/Tmut       3%         N/A       86%         4
 Hydra Form               Tmut           3%         N/A       97%         5


Dungeon Overview and Level Annotations

Branches:
Dungeon (2/15)

Altars:


Innate Abilities, Weirdness & Mutations

Your plain brown scales are hard. (AC +4)
You cannot fit into any form of body armour.
You are cold-blooded and may be slowed by cold attacks.


Message History

You barely miss the jackal. You claw the jackal.
You kill the jackal!
The rat bites you.
You barely miss the jackal. You claw the jackal.
Your tail-slap misses the jackal.
The jackal is almost dead.
The jackal bites you. The rat bites you but does no damage.
The jackal completely misses you.
You closely miss the jackal. Your headbutt misses the jackal.
The jackal is almost dead.
The rat bites you but does no damage. The jackal closely misses you.
The endoplasm misses you.
You closely miss the jackal. You claw the jackal.
You kill the jackal!
The rat closely misses you. The endoplasm freezes you.
You are frozen.
You feel yourself slow down.
You swing at nothing.
The hobgoblin hits you.
* * * LOW HITPOINT WARNING * * *
The rat bites you.
* * * LOW HITPOINT WARNING * * *
The endoplasm freezes you.
You are frozen.
* * * LOW HITPOINT WARNING * * *
The hobgoblin misses you.
You swing at nothing.
Your horns disappear.
Your talons disappear.
The rat bites you but does no damage. The endoplasm hits you.
* * * LOW HITPOINT WARNING * * *
The hobgoblin misses you. The rat closely misses you.
The endoplasm jiggles.
The endoplasm completely misses you.
You feel yourself speed up.
The jackal bites you but does no damage.
The jackal barely misses you. The jackal completely misses you.
There is a stone staircase leading up, spattered with blood here.
The endoplasm freezes you.
You are frozen.
You die...

...##...##.....
.....<.........
#..........
#.......# ##...#.#
##....#.###
####.....g...#
......rhJ.#......
.......@..#......#
..........#....?.#
..................
..........#....(.#
..........#......#
#######...# ...
#...# ### #...#
#####


You could see an endoplasm, a jackal, a hobgoblin and a rat.

Vanquished Creatures
  3 ball pythons (D:1)
  2 goblins (D:1)
  2 hobgoblins (D:1)
  3 jackals (D:2)
  A kobold (D:1)
  A quokka (D:1)
  2 bats (D:1)
  A frilled lizard (D:1)
  4 rats (D:1)
19 creatures vanquished.

Notes
Turn   | Place    | Note
-------+----------+-------------------------------------------
     0 | D:1      | polve the Draconian Transmuter began the quest for the Orb.
     0 | D:1      | Reached XP level 1. HP: 16/16 MP: 3/3
   279 | D:1      | Reached XP level 2. HP: 24/24 MP: 3/5
   830 | D:2      | Killed from afar by an endoplasm

Illustrated notes

Levels and vault maps discovered:
D:1:      lightli_arrival_isolated_outpost, layout_basic, columned_hall_lemuel,
          minmay_misc_feat_four_crosses
D:2:      layout_rooms, basic_altar, serial_shops, nicolae_shop_stone,
          minmay_hexomino_r4, uniq_robin, uniq_sigmund

Skill      XL: |  1  2 |
---------------+-------+-----
Fighting       | 2 |  2.2
Dodging        | |  1.7
Unarmed Combat | |  3.5
Spellcasting   | |  2.0
Transmutations | |  2.0

Action                   || total
-------------------------++-------
Melee: Unarmed           ||    58
       Headbutt          ||     4
       Kick              ||     8
       Tailslap          ||     2
 Cast: Beastly Appendage ||    15
Armor: Skin              ||    20
Dodge: Dodged            ||    50

Table legend: (Time is in decaauts)
 A = Elapsed time spent in this place.
 B = Non-inter-level travel time spent in this place.
 C = Inter-level travel time spent in this place.
 D = Time resting spent in this place.
 E = Time spent auto-exploring this place.
 F = Levels seen in this place.
 G = Mean time per level.
                   A        B        C        D        E       F      G
               +--------+--------+--------+--------+--------+-----+--------+
         Total |    832 |    807 |     25 |      0 |    672 |   2 |  416.0 |
       Dungeon |    832 |    807 |     25 |      0 |    672 |   2 |  416.0 |
               +--------+--------+--------+--------+--------+-----+--------+

Top non-repeatable levels by time:
     D:1: 806 daAuts
     D:2: 25 daAuts
